12 | 0:02 | SCV | |
13 | 0:14 | SCV | |
13 | 0:18 | Supply Depot | |
14 | 0:26 | SCV | |
15 | 0:39 | SCV | |
16 | 0:52 | SCV | |
17 | 1:00 | Command Center | |
17 | 1:04 | SCV | |
18 | 1:13 | Barracks | |
18 | 1:16 | SCV | |
19 | 1:21 | Refinery | |
19 | 1:28 | SCV | |
19 | 1:30 | Refinery | |
20 | 1:40 | SCV | |
21 | 1:52 | SCV | |
22 | 2:01 | Marine | |
23 | 2:10 | Orbital Command | |
23 | 2:14 | Orbital Command | |
23 | 2:16 | Factory | |
23 | 2:19 | Barracks Reactor | |
23 | 2:34 | Orbital Command | |
23 | 2:36 | SCV | |
24 | 2:46 | Supply Depot | |
24 | 2:48 | SCV | |
25 | 3:02 | SCV | |
30 | 3:20 | SCV, Hellion x2, Starport | |
30 | 3:22 | Command Center | |
30 | 3:24 | SCV, Barracks Tech Lab | |
32 | 3:36 | SCV x2 | |
32 | 3:38 | Bunker | |
38 | 3:41 | Hellion x2 | |
38 | 3:48 | SCV x2 | |
39 | 3:52 | Supply Depot | |
40 | 4:00 | SCV x2 | |
42 | 4:03 | Banshee, Marine | |
46 | 4:13 | SCV | |
46 | 4:14 | Hellion x2, Cloaking Field | |
51 | 4:21 | SCV | |
52 | 4:25 | SCV, Supply Depot | |
52 | 4:27 | Engineering Bay | |
52 | 4:30 | Marine | |
54 | 4:34 | SCV | |
54 | 4:36 | SCV | |
54 | 4:37 | SCV | |
57 | 4:43 | Hellion x2 | |
61 | 4:45 | Banshee | |
61 | 4:48 | Marine | |
54 | 5:04 | Hellion x2 | |
51 | 5:07 | SCV x2, Orbital Command | |
48 | 5:19 | SCV x2 | |
48 | 5:20 | Barracks Tech Lab | |
49 | 5:25 | Neosteel Armor | |
49 | 5:27 | Bunker | |
49 | 5:31 | SCV x2 | |
51 | 5:36 | SCV | |
51 | 5:40 | Factory Reactor | |
51 | 5:42 | Marine | |
53 | 5:43 | SCV x2, Stimpack, Barracks | |
53 | 5:44 | Barracks | |
53 | 5:48 | SCV | |
56 | 5:54 | Viking | |
58 | 5:58 | SCV x2 | |
58 | 6:00 | SCV, Marine | |
62 | 6:06 | Supply Depot | |
62 | 6:07 | Supply Depot | |
62 | 6:10 | SCV x2 | |
64 | 6:12 | SCV | |
64 | 6:14 | Engineering Bay | |
64 | 6:17 | Marine | |
66 | 6:22 | SCV x2 | |
66 | 6:24 | Refinery | |
66 | 6:25 | Refinery | |
68 | 6:26 | SCV, Starport Reactor | |
69 | 6:33 | Marine | |
69 | 6:34 | SCV x2, Marine | |
69 | 6:35 | Marine, Siege Tank | |
69 | 6:38 | SCV | |
78 | 6:40 | Barracks x2 | |
78 | 6:43 | Marine | |
78 | 6:44 | Marine | |
78 | 6:46 | SCV | |
81 | 6:50 | Supply Depot | |
81 | 6:51 | Supply Depot, Marine | |
81 | 6:52 | Marine | |
81 | 6:53 | Marine | |
84 | 6:55 | Terran Infantry Armor Level 1 | |
84 | 7:00 | SCV x2 | |
86 | 7:01 | Marine | |
86 | 7:02 | Marine | |
86 | 7:03 | Orbital Command | |
86 | 7:04 | Medivac | |
86 | 7:06 | Terran Infantry Weapons Level 1 | |
90 | 7:09 | Marine x2 | |
90 | 7:11 | Marine | |
90 | 7:13 | SCV x2 | |
95 | 7:16 | Siege Tank | |
95 | 7:21 | Supply Depot | |
95 | 7:22 | Marine | |
99 | 7:27 | Barracks Reactor, Marine x2 | |
99 | 7:29 | Barracks Reactor | |
101 | 7:38 | SCV x2 | |
101 | 7:39 | SCV | |
101 | 7:40 | Bunker, Marine x3 | |
107 | 7:50 | SCV x2 | |
109 | 7:51 | SCV | |
109 | 7:54 | Supply Depot | |
109 | 7:55 | Supply Depot, Marine x2 | |
109 | 7:56 | Combat Shield | |
109 | 7:57 | Supply Depot | |
112 | 8:02 | SCV x2 | |
112 | 8:03 | SCV | |
115 | 8:06 | Medivac | |
117 | 8:13 | Supply Depot | |
117 | 8:15 | SCV x2, Medivac, Marine, Siege Tank | |
117 | 8:16 | Marine x3 | |
117 | 8:17 | Marine x2 | |
130 | 8:22 | Marine x2 | |
130 | 8:23 | Armory, Marine | |
130 | 8:27 | Supply Depot | |
133 | 8:33 | Marine | |
134 | 8:34 | Marine x3 | |
134 | 8:35 | Marine x2 | |
134 | 8:40 | Supply Depot, Marine x3 | |
142 | 8:45 | Command Center | |
142 | 8:47 | Siege Tank | |
145 | 8:50 | Marine | |
145 | 8:52 | Marine | |
145 | 8:54 | Marine x3 | |
145 | 8:55 | Marine | |
151 | 8:57 | Medivac x2 | |
151 | 8:58 | Marine | |
151 | 9:00 | SCV | |
151 | 9:01 | SCV x2 | |
151 | 9:02 | Refinery, Marine x2 | |
161 | 9:03 | Refinery | |
161 | 9:08 | Marine | |
162 | 9:13 | Marine x3 | |
162 | 9:17 | Terran Infantry Armor Level 2, Terran Infantry Weapons Level 2 | |
165 | 9:18 | Terran Vehicle Weapons Level 1 | |
165 | 9:21 | Missile Turret | |
165 | 9:22 | Marine | |
165 | 9:27 | Marine x2 | |
165 | 9:34 | Marine | |
165 | 9:35 | Medivac, Marine | |
165 | 9:36 | Medivac | |
132 | 9:47 | Marine x7 | |
132 | 9:48 | Siege Tank | |
132 | 9:52 | Marine | |
140 | 9:54 | Barracks | |
140 | 9:55 | Marine, Barracks | |
140 | 9:59 | Barracks | |
141 | 10:01 | SCV x3 | |
141 | 10:05 | Medivac, Marine | |
141 | 10:06 | Medivac | |
144 | 10:17 | Marine x2 | |
144 | 10:20 | Marine x6, Thor | |
156 | 10:26 | Missile Turret | |
156 | 10:27 | Missile Turret x2 | |
156 | 10:34 | Missile Turret, Marine x3 | |
156 | 10:35 | Factory | |
159 | 10:38 | Planetary Fortress | |
159 | 10:41 | SCV | |
159 | 10:42 | SCV | |
161 | 10:43 | Marine | |
161 | 10:44 | Marine | |
161 | 10:46 | Marine x2 | |
161 | 10:47 | SCV | |
166 | 10:54 | SCV, Marine x4 | |
166 | 10:55 | Marine x3 | |
174 | 11:00 | Missile Turret | |
127 | 11:13 | Marine x8 | |
127 | 11:14 | Marauder, Marine x3 | |
139 | 11:22 | Factory Reactor | |
139 | 11:23 | Thor | |
142 | 11:26 | Terran Vehicle Weapons Level 2 | |
142 | 11:28 | Drilling Claws | |
142 | 11:29 | Concussive Shells | |
142 | 11:30 | Marine x2 | |
142 | 11:31 | Marine x7 | |
142 | 11:32 | Marine | |
152 | 11:35 | Marauder | |
152 | 11:36 | Marine | |
155 | 11:41 | Liberator x2 | |
155 | 11:43 | Refinery | |
155 | 11:45 | Refinery | |
161 | 11:48 | Marine x3 | |
164 | 11:54 | Command Center | |
164 | 11:55 | Marine x4 | |
164 | 11:56 | Marine x3 | |
171 | 12:02 | Marine x2 | |
171 | 12:05 | Terran Infantry Weapons Level 3, Ghost Academy | |
173 | 12:10 | Terran Infantry Armor Level 3 | |
173 | 12:13 | Marine x3 | |
173 | 12:14 | Marine | |
177 | 12:15 | Marine | |
177 | 12:18 | Marine | |
171 | 12:33 | Widow Mine x3 | |
173 | 12:42 | Marine x2 | |
173 | 12:44 | SCV x3, Missile Turret | |
171 | 12:46 | Missile Turret | |
165 | 12:54 | Widow Mine x2, Thor | |
165 | 12:58 | Marine x4 | |
168 | 12:59 | Marine | |
168 | 13:01 | Marine x3 | |
168 | 13:02 | Marauder, Barracks Tech Lab x3 | |
168 | 13:03 | Personal Cloaking | |
171 | 13:07 | SCV x2, Ghost Academy | |
171 | 13:08 | Ghost Academy | |
171 | 13:15 | Medivac | |
171 | 13:17 | Marine, Liberator | |
171 | 13:19 | SCV | |
178 | 13:20 | SCV | |
178 | 13:22 | SCV | |
178 | 13:23 | Marauder | |
182 | 13:28 | Missile Turret | |
182 | 13:29 | Marine | |
182 | 13:30 | Missile Turret | |
183 | 13:36 | Marauder, Marine x3 | |
188 | 13:44 | Supply Depot, Marauder, Terran Vehicle And Ship Armor Level 1 | |
188 | 13:45 | Nuke x2 | |
190 | 13:50 | Planetary Fortress | |
185 | 14:10 | Missile Turret | |
185 | 14:15 | SCV x3 | |
182 | 14:29 | Marine x2 | |
182 | 14:30 | Nuke | |
176 | 14:36 | Sensor Tower | |
176 | 14:37 | Marine x3 | |
179 | 14:40 | SCV x2, Unknown x4 | |
179 | 14:41 | SCV x3 | |
192 | 14:54 | Sensor Tower | |
192 | 14:56 | Sensor Tower | |
192 | 14:59 | Marine x5 | |
196 | 15:00 | Marine | |
196 | 15:04 | Widow Mine | |
200 | 15:08 | Unknown x2 | |
200 | 15:09 | Unknown x2 | |
200 | 15:12 | Armory | |
149 | 15:30 | Marauder x3, Marine x2 | |
149 | 15:34 | Marauder, Marine x3 | |
162 | 15:36 | Widow Mine x2 | |
162 | 15:38 | Command Center x2 | |
166 | 15:51 | Marauder, Thor | |
166 | 15:52 | Marauder x2 | |
174 | 16:00 | Marine | |
174 | 16:01 | Marauder, Marine | |
174 | 16:03 | Marine x2 | |
174 | 16:04 | Marine x4 | |
178 | 16:13 | Marauder | |
178 | 16:16 | Supply Depot | |
178 | 16:17 | Supply Depot | |
184 | 16:21 | SCV x2 | |
189 | 16:41 | Unknown x2 | |
180 | 16:50 | Unknown | |
180 | 16:51 | Marauder | |
137 | 17:06 | Unknown | |
137 | 17:07 | Marauder | |
125 | 17:08 | Marine x4 | |
125 | 17:09 | Marine x3 | |
125 | 17:10 | Unknown x2, Marauder x2, Marine | |
140 | 17:15 | Widow Mine x2 | |
138 | 17:27 | Marauder, Marine x4 | |
138 | 17:28 | Marauder | |
148 | 17:54 | Nuke x2 | |
148 | 17:56 | Terran Ship Weapons Level 1 | |
145 | 18:00 | Planetary Fortress | |
145 | 18:09 | Marauder, Marine x2 | |
149 | 18:15 | Unknown x2, Widow Mine x3 | |
149 | 18:16 | Marauder | |
149 | 18:17 | Unknown | |
163 | 18:36 | Widow Mine x2 | |
165 | 18:49 | Unknown x2, Marine x6 | |
165 | 18:51 | Widow Mine | |
179 | 18:56 | Planetary Fortress | |
179 | 18:58 | Widow Mine | |
181 | 19:21 | Unknown x4 | |
179 | 19:26 | SCV x3 | |
179 | 19:28 | Refinery x2 | |
163 | 19:48 | Marine x4 | |
158 | 19:53 | Unknown x4, Marauder x3 | |
158 | 19:54 | Marine x3 | |
158 | 19:55 | Marauder | |
158 | 19:57 | Thor | |
158 | 19:59 | Widow Mine | |
179 | 20:00 | Widow Mine | |
179 | 20:09 | Refinery | |
179 | 20:11 | Refinery, Marine x2 | |
179 | 20:12 | Missile Turret | |
181 | 20:14 | Marauder | |
145 | 20:35 | Medivac, Marauder x2, Marine | |
150 | 20:36 | Medivac | |
150 | 20:38 | Marauder, Marine | |
150 | 20:40 | Marauder, Marine | |
150 | 20:42 | Marine x4 | |
160 | 20:43 | Terran Vehicle Weapons Level 3 | |
160 | 20:44 | Terran Vehicle And Ship Armor Level 2 | |
160 | 20:45 | Thor | |
160 | 20:48 | Hellbat x2 | |
172 | 20:52 | Infernal Pre-Igniter | |
176 | 20:57 | SCV x3 | |
176 | 21:00 | Marine x2 | |
176 | 21:01 | Command Center | |
176 | 21:02 | Marauder | |
185 | 21:17 | Widow Mine x2 | |
185 | 21:18 | Medivac x2 | |
193 | 21:20 | Marine x7 | |
193 | 21:25 | Unknown x2 | |
200 | 21:28 | Unknown | |
194 | 21:48 | Marauder x2, Marine x2 | |
195 | 22:41 | Command Center | |
195 | 22:44 | Nuke x2 | |
195 | 22:45 | Nuke | |
154 | 23:08 | Marauder x2, Marine x6 | |
154 | 23:09 | Marauder x2 | |
154 | 23:10 | Widow Mine | |
167 | 23:15 | Marine | |
167 | 23:16 | Medivac x2, Marine | |
171 | 23:20 | Missile Turret | |
171 | 23:21 | Missile Turret | |
171 | 23:28 | Marine | |
171 | 23:30 | Marauder x2 | |
171 | 23:31 | Widow Mine x2, Marine x2 | |
171 | 23:32 | Marauder x2, Marine | |
187 | 23:34 | SCV x2 | |
187 | 23:35 | SCV | |
186 | 23:48 | Marine x2 | |
186 | 23:51 | Marauder | |
178 | 24:06 | Marauder x3, Marine | |
178 | 24:08 | Medivac, Widow Mine x2 | |
178 | 24:09 | Medivac | |
187 | 24:24 | Marauder, Marine x3 | |
164 | 24:27 | Marauder | |
164 | 24:28 | Marauder x2 | |
156 | 24:39 | Viking | |
156 | 24:40 | Viking, Thor | |
156 | 24:42 | Hellbat x2, Marine x2 | |
156 | 24:43 | Marine x4 | |
156 | 24:45 | Marauder | |
176 | 24:49 | Marauder | |
176 | 24:52 | Marauder, Marine x2 | |
183 | 24:53 | Marauder | |
172 | 25:07 | Marine x4 | |
177 | 25:14 | Hellbat x2, Marine | |
177 | 25:15 | Marauder | |
177 | 25:18 | Medivac x2 | |
180 | 25:23 | Thor | |
186 | 25:35 | Unknown | |
190 | 25:38 | Unknown | |
192 | 25:48 | Medivac | |
189 | 26:02 | Unknown | |
189 | 26:03 | Unknown | |
181 | 26:05 | Unknown | |
181 | 26:08 | Viking | |
180 | 26:16 | Thor | |
180 | 26:17 | Hellion x2 | |
190 | 26:18 | Viking | |
189 | 26:31 | Unknown x2 | |
189 | 26:32 | Unknown | |
193 | 26:33 | Unknown | |
179 | 26:41 | Marauder x2, Marine x4 | |
179 | 26:42 | Marine x2 | |
179 | 26:44 | Hellbat x2 | |
142 | 26:58 | Marine x2 | |
142 | 26:59 | Thor | |
142 | 27:00 | Unknown x2, Marauder x2 | |
142 | 27:01 | Marine | |
115 | 27:03 | Marauder x2 | |
115 | 27:04 | Marine x5 | |
115 | 27:05 | Widow Mine x2 | |
122 | 27:14 | Orbital Command | |
122 | 27:15 | Marine x2 | |
122 | 27:18 | Marine | |
122 | 27:21 | Marauder x2 | |
122 | 27:22 | Marine x5 | |
134 | 27:24 | Marauder x2 | |
138 | 27:30 | Hellbat x2 | |
138 | 27:33 | Marine x2 | |
144 | 27:41 | Missile Turret | |
144 | 27:43 | Marauder | |
146 | 27:46 | Viking x2 | |
150 | 27:53 | SCV x2 | |
93 | 28:26 | Unknown x3, Marauder x3, Marine x4 | |
80 | 28:29 | Widow Mine | |
82 | 28:36 | Widow Mine x2 | |
82 | 28:37 | Marine | |
82 | 28:38 | Marauder | |
89 | 28:42 | Marine | |
89 | 28:46 | Marine | |
90 | 28:53 | Marauder | |
94 | 28:56 | Marine | |
94 | 29:02 | Siege Tank | |
96 | 29:09 | Factory Tech Lab | |
96 | 29:10 | Liberator | |
96 | 29:11 | Liberator | |
100 | 29:34 | Marauder, Marine | |